[Event "Team 45 45 League T49"]
[Site "Internet Chess Club"]
[Date "2011.07.11"]
[Round "9"]
[White "Freitac"]
[Black "primerpaso"]
[Result "1-0"]
[WhiteElo "1931"]
[BlackElo "1865"]
[Opening "Benoni: fianchetto, 9...Nbd7"]
[ECO "A62"]
[Time "19:32:26"]
[TimeControl "2700+45"]

1. d4 Nf6 2. c4 e6 3. Nf3 c5 4. d5 exd5 5. cxd5 d6 6. Nc3 g6 7. g3 Bg7 8. Bg2
O-O 9. O-O Nbd7 10. a4 Rb8 11. Bf4 Ne8 12. Qc2 a6 13. Ne4 Ndf6 14. Nxf6+ Qxf6
15. Rab1 h6 16. Bd2 Qe7 17. Rfe1 b5 18. Bc3 Nf6 19. Rbd1 Bf5 20. e4 Bg4 21. b3
bxa4 22. bxa4 Rfe8 23. h3 Bxf3 24. Bxf3 Nd7 25. Bxg7 Kxg7 26. Bg2 Qf6 27. Rb1 g5
28. Qc4 Ra8 29. Rb7 Ne5 30. Qc2 h5 31. Qe2 g4 32. h4 c4 33. Rc1 Reb8 34. Qb2 Re8
35. Qc2 Reb8 36. Qb2 Rc8 37. Qc2 Rc5 38. Rcb1 Nd3 39. Bf1 Ne5 40. Bg2 Ra5 41.
Rc7 Qd8 42. Rbb7 Qe8 43. Rxf7+ Nxf7 44. Qc3+ Kg6 45. Qxa5 Nd8 46. Rb6 Qe5 47.
Rxa6 Rb8 48. Qc7 Rb1+ 49. Kh2 Nf7 50. Ra7 Qf6 51. Qc8 Kg7 52. Qf5 Qxf5 53. exf5
Kf6 54. a5 Ne5 55. Be4 Rb2 56. Ra6 Nd3 57. Rxd6+ Ke5 58. Re6+ Kd4 59. f6 c3 60.
Bxd3 Kxd3 61. Kg2 c2 62. f7 c1=Q 63. f8=Q Qd2 64. Qf5+ Kc4 65. Qe4+ Kb5 66. Rb6+
Kxa5 67. Rxb2 Qxb2 68. d6 Qb5 69. Kh2 Qc5 70. Qf4 Qa7 71. Kg2 Qb7+ 72. Kf1 Qb1+
73. Ke2 Qb5+ 74. Ke3 Qb3+ 75. Ke4 Qc2+ 76. Ke5 Kb6 77. Qd4+ Kc6 78. Qe4+ {Black
resigns} 1-0

[Event "Team 45 45 League T49"]
[Site "Internet Chess Club"]
[Date "2011.07.10"]
[Round "9"]
[White "jjmolina"]
[Black "chessattack1"]
[Result "1/2-1/2"]
[WhiteElo "1763"]
[BlackElo "1828"]
[Opening "French: classical, Steinitz variation"]
[ECO "C14"]
[Time "15:00:49"]
[TimeControl "2700+45"]

1. e4 e6 2. d4 d5 3. Nc3 Nf6 4. Bg5 Be7 5. e5 Nfd7 6. Bxe7 Qxe7 7. f4 a6 8. Nf3
c5 9. Qd2 Nc6 10. dxc5 Nxc5 11. Bd3 Nxd3+ 12. cxd3 Bd7 13. d4 O-O 14. O-O b5 15.
Rac1 Rfc8 16. Ne2 Rc7 17. Rc5 Rac8 18. Rfc1 Qd8 19. b4 Ne7 20. Rxc7 Rxc7 21. Rc5
Ra7 22. Nc3 h6 23. a3 Kh7 24. Qc2+ Kg8 25. Qd3 Bc6 26. Kf2 Kh8 27. Nd2 Qa8 28.
Nb3 Nc8 29. Na5 Be8 30. Ne2 Nb6 31. Qf3 Qd8 32. f5 exf5 33. Qxf5 Qh4+ 34. Kg1
Qe1+ 35. Qf1 Qd2 36. Kf2 {Game drawn by mutual agreement} 1/2-1/2

[Event "Team 45 45 League T49"]
[Site "Internet Chess Club"]
[Date "2011.07.08"]
[Round "9"]
[White "Sir-Sinister"]
[Black "frank001"]
[Result "1/2-1/2"]
[WhiteElo "1766"]
[BlackElo "1665"]
[Opening "Richter-Veresov attack"]
[ECO "D01"]
[Time "16:11:29"]
[TimeControl "2700+45"]

1. d4 d5 2. Nc3 Nf6 3. Bg5 c5 4. Bxf6 gxf6 5. e3 Nc6 6. Qh5 cxd4 7. exd4 e6 8.
Nf3 Bd7 9. Bd3 f5 10. O-O Qf6 11. Rfe1 O-O-O 12. Bb5 Qg6 13. Qh3 f6 14. Bxc6
bxc6 15. g3 Bd6 16. Qf1 Kb7 17. Na4 f4 18. c3 fxg3 19. hxg3 h5 20. Nc5+ Bxc5 21.
Nh4 Qg4 22. dxc5 Rhg8 23. Kh2 e5 24. Re3 Rg7 25. Rf3 Rf8 26. Re1 Rg5 27. b3 Qe6
28. Rfe3 Rg4 29. a4 Rfg8 30. Qe2 Qe7 31. Qd3 e4 32. Qe2 f5 33. f4 Qxc5 34. b4
Qd6 35. Qf2 Ka8 36. Rd1 Be6 37. Rd4 Qe7 38. Kh1 Rb8 39. Ng2 c5 40. bxc5 Qxc5 41.
Qa2 Rg7 42. Kh2 Rgb7 43. Qe2 Rb2 44. Qxh5 Qe7 45. Kg1 Rb1+ 46. Ne1 Rg8 47. Qh2
Rbb8 48. Qd2 Rh8 49. Ng2 Rb1+ 50. Re1 Rb7 51. Ne3 Qc5 52. Re2 Rbh7 53. Rg2 Rh1+
54. Kf2 Rc8 55. Nd1 {Game drawn by mutual agreement} 1/2-1/2

[Event "Team 45 45 League T49"]
[Site "Internet Chess Club"]
[Date "2011.07.07"]
[Round "9"]
[White "isolani"]
[Black "quotha"]
[Result "1/2-1/2"]
[WhiteElo "1490"]
[BlackElo "1677"]
[Opening "QGD semi-Slav: 5.e3"]
[ECO "D45"]
[Time "19:00:09"]
[TimeControl "2700+45"]

1. d4 d5 2. Nf3 Nf6 3. c4 c6 4. Nc3 e6 5. e3 Be7 6. Bd3 O-O 7. O-O a6 8. Re1
dxc4 9. Bxc4 b5 10. Bd3 Nbd7 11. Qc2 Bb7 12. e4 c5 13. dxc5 Nxc5 14. Bf1 Rc8 15.
Qd1 Qxd1 16. Rxd1 Ncxe4 17. Nxe4 Nxe4 18. Rd7 Bc5 19. Rxb7 Nxf2 20. Be2 e5 21.
Kf1 e4 22. Ne1 f5 23. Bf4 Ng4 24. h3 Ne3+ 25. Bxe3 Bxe3 26. a4 f4 27. axb5 axb5
28. Rxb5 f3 29. gxf3 Rc6 30. Ra4 exf3 31. Nxf3 Rc1+ 32. Kg2 Rc2 33. Kf1 Rc1+ 34.
Kg2 {Game drawn by mutual agreement} 1/2-1/2

[Event "Team 45 45 League T49"]
[Site "Internet Chess Club"]
[Date "2011.07.11"]
[Round "9"]
[White "koni"]
[Black "fledermaus"]
[Result "1/2-1/2"]
[WhiteElo "1864"]
[BlackElo "1924"]
[Opening "English: symmetrical, four knights system"]
[ECO "A30"]
[Time "11:01:30"]
[TimeControl "2700+45"]

1. Nf3 c5 2. c4 Nf6 3. Nc3 Nc6 4. g3 g6 5. d4 cxd4 6. Nxd4 Bg7 7. Bg2 O-O 8. O-O
Nxd4 9. Qxd4 d6 10. Qd3 a6 11. Bd2 Rb8 12. Rac1 Bf5 13. e4 Bd7 14. h3 b5 15.
cxb5 axb5 16. b4 Qe8 17. Nd5 Nxd5 18. exd5 Ra8 19. Qb3 Qb8 20. Rfe1 Be5 21. Kh2
Qa7 22. Bh6 Rfc8 23. Rxc8+ Bxc8 24. Rxe5 dxe5 25. d6 Qxf2 26. Qd5 Rxa2 27. dxe7
Bd7 28. h4 Qxg2+ 29. Qxg2 Rxg2+ 30. Kxg2 f5 31. Kf3 Kf7 32. Bf8 Bc6+ 33. Ke3 Kf6
34. Kd3 g5 35. hxg5+ Kxg5 36. Bg7 f4 {Game drawn by mutual agreement} 1/2-1/2

[Event "Team 45 45 League T49"]
[Site "Internet Chess Club"]
[Date "2011.07.10"]
[Round "9"]
[White "DarkFlow"]
[Black "BigH"]
[Result "1-0"]
[WhiteElo "2015"]
[BlackElo "1900"]
[Opening "English, 1...Nf6 (Anglo-Indian defense)"]
[ECO "A15"]
[Time "14:06:14"]
[TimeControl "2700+45"]

1. c4 Nf6 2. g3 c5 3. Nf3 d5 4. cxd5 Nxd5 5. Bg2 Nc6 6. Nc3 Nc7 7. O-O e5 8. d3
Be7 9. Nd2 Qd7 10. a4 O-O 11. Nc4 f6 12. Bd2 b6 13. f4 exf4 14. Bxf4 Ne6 15. a5
Nxf4 16. Rxf4 Rb8 17. axb6 axb6 18. Qa4 Nd4 19. Qa7 Qxa7 20. Rxa7 b5 21. Rxe7
bxc4 22. dxc4 Rxb2 23. Bd5+ Kh8 24. Rfe4 Bf5 25. Re8 Rb8 26. Rxf8+ Rxf8 27. Re7
Bg6 28. Rc7 Re8 29. Kf2 Bh5 30. e4 Nb3 31. Na4 f5 32. Bc6 Rf8 33. e5 Nd2 34. Bd5
{Black resigns} 1-0

[Event "Team 45 45 League T49"]
[Site "Internet Chess Club"]
[Date "2011.07.09"]
[Round "9"]
[White "Nakke"]
[Black "Grenadier"]
[Result "1/2-1/2"]
[WhiteElo "1806"]
[BlackElo "1767"]
[Opening "English, 1...Nf6 (Anglo-Indian defense)"]
[ECO "A15"]
[Time "13:00:11"]
[TimeControl "2700+45"]

1. c4 Nf6 2. g3 g6 3. Bg2 Bg7 4. Nf3 O-O 5. O-O c6 6. d3 d5 7. Nbd2 Qc7 8. Rb1
Bf5 9. b4 e5 10. Qc2 e4 11. Nd4 exd3 12. exd3 Be6 13. Nxe6 fxe6 14. Nb3 Nbd7 15.
Be3 Rac8 16. Rbc1 b6 17. a4 Ng4 18. Bd4 e5 19. Bc3 d4 20. Bd2 Rf7 21. Bh3 Nh6
22. Be6 Rf8 23. Rce1 Qd6 24. Bxf7+ Rxf7 25. c5 Qd5 26. cxb6 axb6 27. Bxh6 Bxh6
28. Nd2 Bxd2 29. Qxd2 Qb3 30. a5 bxa5 31. bxa5 Nc5 32. Rb1 Qd5 33. f4 Nb3 34.
Qa2 Nxa5 35. Qxd5 cxd5 36. fxe5 Re7 37. Rb5 Nc6 38. Rxd5 Nxe5 39. Rxd4 Kg7 40.
Kg2 Rc7 41. Re1 Rc2+ 42. Kh3 Nf3 43. Rd7+ Kh6 44. Rh1 Rd2 45. g4 Ne5 46. g5+
Kxg5 47. Rxh7 Rxd3+ 48. Kg2 Rd2+ 49. Kg3 Rd3+ 50. Kf2 Kf6 51. Ke2 Ra3 52. Rf1+
Kg5 53. Rg1+ Kf6 54. Rg3 Ra2+ 55. Ke3 Ra4 56. Rb7 Ng4+ 57. Kd3 Nf2+ 58. Ke2 Ra2+
59. Kf3 Nd3 60. Rb6+ Kf5 61. Ke3 Ne5 62. Rb4 Ra3+ 63. Ke2 Ra2+ 64. Ke3 Ra3+ 65.
Ke2 Ra2+ 66. Ke3 {Game drawn by repetition} 1/2-1/2

[Event "Team 45 45 League T49"]
[Site "Internet Chess Club"]
[Date "2011.07.08"]
[Round "9"]
[White "GoIrish"]
[Black "ScotchYeti"]
[Result "1-0"]
[WhiteElo "1621"]
[BlackElo "1608"]
[Opening "Réti opening"]
[ECO "A05"]
[Time "06:04:22"]
[TimeControl "2700+45"]

1. Nf3 Nf6 2. g3 c5 3. Bg2 Nc6 4. O-O d5 5. d3 e6 6. Nbd2 Be7 7. e4 b6 8. Re1
Bb7 9. e5 Nd7 10. a3 Qc7 11. Qe2 O-O-O 12. c3 h6 13. b4 g5 14. h3 h5 15. Nb3 g4
16. hxg4 hxg4 17. Ng5 Rdf8 18. bxc5 Nxc5 19. Nxc5 Bxc5 20. Qxg4 Nxe5 21. Qe2 Nc6
22. Bf4 Qe7 23. d4 Bd6 24. Bxd6 Qxd6 25. Nf3 Re8 26. Ne5 Qf8 27. Qf3 Nxe5 28.
Rxe5 Qh6 29. Qxf7 Qh2+ 30. Kf1 Ba6+ 31. Re2 Bxe2+ 32. Kxe2 Qxg2 33. Qxa7 Qe4+
34. Kd2 Rh7 35. Qxb6 Kd7 36. Re1 Qg6 37. a4 Qh6+ 38. Kc2 Rc8 39. Qb5+ Rc6 40.
Qb7+ Rc7 41. Qb5+ Kc8 42. Qe8+ Kb7 43. Rb1+ Ka6 44. Qb5+ Ka7 {Black resigns} 1-0

[Event "Team 45 45 League T49"]
[Site "Internet Chess Club"]
[Date "2011.07.10"]
[Round "9"]
[White "Gregorio"]
[Black "saychess"]
[Result "0-1"]
[WhiteElo "1947"]
[BlackElo "2130"]
[Opening "English opening"]
[ECO "A13"]
[Time "21:01:25"]
[TimeControl "2700+45"]

1. c4 e6 2. g3 d5 3. Bg2 Nf6 4. Nf3 d4 5. d3 Nc6 6. a3 a5 7. O-O Be7 8. e3 e5 9.
exd4 exd4 10. Re1 O-O 11. Nbd2 Re8 12. Ng5 Ng4 13. Nh3 Nge5 14. Ne4 Bg4 15. Qd2
Bxh3 16. f4 Bxg2 17. fxe5 Bxe4 18. Rxe4 h6 19. Qf2 Bg5 20. Bf4 Qd7 21. Rf1 Nxe5
22. Rxd4 Nf3+ {White resigns} 0-1

[Event "Team 45 45 League T49"]
[Site "Internet Chess Club"]
[Date "2011.07.10"]
[Round "9"]
[White "carokantor"]
[Black "alexping"]
[Result "1-0"]
[WhiteElo "1970"]
[BlackElo "1913"]
[Opening "Queen's Pawn"]
[ECO "A41"]
[Time "12:11:46"]
[TimeControl "2700+45"]

1. d4 d6 2. Bg5 f6 3. Bh4 e5 4. dxe5 dxe5 5. Qxd8+ Kxd8 6. Nc3 c6 7. O-O-O+ Kc7
8. Bg3 Bf5 9. e4 Bg4 10. Be2 Bxe2 11. Ngxe2 h5 12. Nd4 Kd7 13. Nf5+ Ke6 14. Rd8
Ne7 15. Nd6 g6 16. Nxb7 Nd7 17. Rxa8 Bh6+ 18. Kb1 Rxa8 19. Rd1 Nc8 20. Nd8+ Ke7
21. Nxc6+ Ke8 22. Nd5 Ndb6 23. Nc7+ Kf7 24. Nxa8 Nxa8 25. Rd8 Nab6 26. b3 Bf8
27. f3 Bc5 28. a4 Ne7 29. Nxa7 Nxa4 30. bxa4 Bxa7 31. a5 Ke6 32. a6 Nc6 33. Rg8
g5 34. Be1 h4 35. Rg7 Bc5 36. Kb2 Ne7 37. Bb4 {Black resigns} 1-0

[Event "Team 45 45 League T49"]
[Site "Internet Chess Club"]
[Date "2011.07.10"]
[Round "9"]
[White "zbence"]
[Black "McKnights"]
[Result "0-1"]
[WhiteElo "1836"]
[BlackElo "1956"]
[Opening "Scandinavian defense"]
[ECO "B01"]
[Time "22:01:54"]
[TimeControl "2700+45"]

1. e4 d5 2. exd5 Nf6 3. Nf3 Nxd5 4. c4 Nb4 5. d4 Bf5 6. Qa4+ N8c6 7. Na3 e6 8.
Bd2 Be7 9. Be2 O-O 10. O-O a5 11. Bc3 Nd3 12. Rfd1 Nf4 13. Bf1 Bg4 14. d5 exd5
15. cxd5 Nb4 16. Nc2 Nh3+ 17. gxh3 Bxf3 18. Rd4 Bc5 19. Rg4 Bxg4 20. hxg4 Qxd5
21. a3 Nxc2 22. Qxc2 Qf3 23. h3 b6 24. Bg2 Qf4 25. Bxa8 Rxa8 26. Qe2 Qg3+ 27.
Kf1 Qxh3+ 28. Ke1 Qh1+ 29. Qf1 Re8+ 30. Kd2 Rd8+ 31. Kc2 Qe4+ 32. Kb3 Qxg4 33.
f4 Qe6+ 34. Kc2 Qe4+ 35. Kb3 Qd5+ 36. Kc2 a4 37. Rd1 Qb3+ 38. Kc1 Be3+ 39. Bd2
Bxd2+ 40. Rxd2 Rxd2 41. Kxd2 Qxb2+ 42. Ke3 Qxa3+ 43. Ke4 Qe7+ 44. Kf3 g6 45. Qa6
a3 46. Qc8+ Kg7 {White resigns} 0-1

[Event "Team 45 45 League T49"]
[Site "Internet Chess Club"]
[Date "2011.07.08"]
[Round "9"]
[White "Zumbi"]
[Black "Geeloo"]
[Result "1/2-1/2"]
[WhiteElo "2210"]
[BlackElo "2068"]
[Opening "Ruy Lopez: Schliemann defense"]
[ECO "C63"]
[Time "16:07:14"]
[TimeControl "2700+45"]

1. e4 e5 2. Nf3 Nc6 3. Bb5 f5 4. d3 fxe4 5. dxe4 Nf6 6. O-O Bc5 7. Qe2 d6 8. Qc4
Bd7 9. Nc3 Qe7 10. Nd5 Nxd5 11. exd5 Nd4 12. Bxd7+ Kxd7 13. Nxd4 Bxd4 14. c3 Bb6
15. Qg4+ Ke8 16. Bg5 Qd7 17. Qe4 h6 18. Be3 Rf8 19. f4 Qf5 20. Qa4+ Qd7 21. Qe4
Qf5 22. Qa4+ Qd7 23. Qe4 {Game drawn by repetition} 1/2-1/2

[Event "Team 45 45 League T49"]
[Site "Internet Chess Club"]
[Date "2011.07.10"]
[Round "9"]
[White "Tobiasdelmonte"]
[Black "perikitosax"]
[Result "0-1"]
[WhiteElo "1783"]
[BlackElo "2090"]
[Opening "Queen's pawn game"]
[ECO "A46"]
[Time "10:13:53"]
[TimeControl "2700+45"]

1. d4 Nf6 2. Nf3 e6 3. g3 c5 4. c3 b6 5. Bg2 Bb7 6. O-O Be7 7. Re1 O-O 8. Nbd2
d5 9. Ne5 Nc6 10. Ndf3 Rc8 11. Nxc6 Bxc6 12. Ne5 Bb7 13. f3 cxd4 14. cxd4 Qc7
15. Bd2 Bd6 16. Rc1 Qe7 17. Bg5 Bb4 18. Rf1 Rxc1 19. Qxc1 Rc8 20. Qf4 h6 21.
Bxf6 Qxf6 22. Qxf6 gxf6 23. Nd3 Bd2 24. Kf2 Rc2 25. Rb1 Ba6 26. Bf1 Bxd3 27.
exd3 Bc1+ 28. Be2 Bxb2 29. Ke3 Bxd4+ 30. Kxd4 Rxe2 31. a4 Rxh2 32. g4 Ra2 33.
Rb4 Kf8 34. Ke3 Ke7 35. Kf4 e5+ 36. Ke3 Ke6 37. f4 Kd6 38. f5 Kc5 39. Rb5+ Kc6
40. Rb4 a5 {White resigns} 0-1

[Event "Team 45 45 League T49"]
[Site "Internet Chess Club"]
[Date "2011.07.07"]
[Round "9"]
[White "tsia68"]
[Black "JFlamer"]
[Result "1/2-1/2"]
[WhiteElo "1876"]
[BlackElo "1800"]
[Opening "English opening"]
[ECO "A20"]
[Time "17:06:02"]
[TimeControl "2700+45"]

1. c4 e5 2. g3 Nf6 3. Bg2 Nc6 4. Nc3 Bc5 5. e3 d6 6. Nge2 Bf5 7. d4 exd4 8. exd4
Bb6 9. a3 a5 10. O-O O-O 11. b3 Re8 12. Bb2 Bg4 13. Qd2 Qd7 14. Rfe1 Re7 15. Nb5
Rae8 16. Nf4 Bf5 17. Nd5 Nxd5 18. Bxd5 Be4 19. Bxe4 Rxe4 20. Rxe4 Rxe4 21. Re1
Qe8 22. Rxe4 Qxe4 23. Qe3 Qb1+ 24. Kg2 Kf8 25. Qe2 Ne7 26. b4 axb4 27. axb4 Qf5
28. c5 dxc5 29. dxc5 c6 30. Nd6 Qd5+ 31. Qf3 Bc7 32. Nxb7 g5 33. Qxd5 Nxd5 34.
Na5 Nxb4 35. Nb3 Nd3 36. Bf6 g4 37. Nd4 Nxc5 38. Nxc6 Ke8 39. Ne5 Bxe5 40. Bxe5
Nd3 41. Bc3 Kd7 42. f3 h5 43. fxg4 hxg4 44. h3 f5 45. hxg4 fxg4 46. Kf1 Ke6 47.
Ke2 Nc5 48. Ke3 Kf5 49. Ba5 Ne6 50. Bb6 Ng5 51. Bc7 Nf3 52. Bb8 Ng5 53. Bf4 Ne4
54. Bb8 Nf6 55. Bd6 Nd5+ 56. Kd4 Nf6 57. Ke3 Ne8 58. Bb8 Nf6 59. Bd6 Ne4 60. Bb8
Nc5 61. Bd6 Nd7 62. Bc7 Nf6 63. Bb8 Nd5+ 64. Kd4 Nb4 65. Ke3 Nc2+ 66. Kd3 Ne1+
67. Ke2 Nf3 68. Ke3 Ng5 69. Bf4 Nh3 70. Bb8 Ng5 71. Bf4 {Game drawn by
repetition} 1/2-1/2

[Event "Team 45 45 League T49"]
[Site "Internet Chess Club"]
[Date "2011.07.07"]
[Round "9"]
[White "heartbreakkid"]
[Black "IceBox"]
[Result "1-0"]
[WhiteElo "1860"]
[BlackElo "1751"]
[Opening "English: Anglo-Grünfeld defense"]
[ECO "A16"]
[Time "17:00:46"]
[TimeControl "2700+45"]

1. c4 Nf6 2. Nc3 d5 3. cxd5 Nxd5 4. g3 c6 5. e4 Nf6 6. d4 e5 7. Be3 Bb4 8. dxe5
Nxe4 9. Qxd8+ Kxd8 10. O-O-O+ Ke7 11. Nxe4 {Black resigns} 1-0

[Event "Team 45 45 League T49"]
[Site "Internet Chess Club"]
[Date "2011.07.12"]
[Round "9"]
[White "andrew32"]
[Black "Buford-Julep"]
[Result "1/2-1/2"]
[WhiteElo "1671"]
[BlackElo "1669"]
[Opening "Sicilian: Sozin, 7.Be3"]
[ECO "B89"]
[Time "17:04:58"]
[TimeControl "2700+45"]

1. e4 c5 2. Nf3 Nc6 3. d4 cxd4 4. Nxd4 Nf6 5. Nc3 d6 6. Bc4 e6 7. Be3 Be7 8. O-O
O-O 9. Bb3 a6 10. f4 Nxd4 11. Bxd4 b5 12. Qf3 Bb7 13. Rfe1 b4 14. Na4 d5 15. e5
Ne4 16. c3 a5 17. Bc2 Rc8 18. Rad1 bxc3 19. bxc3 Bc6 20. Nb2 Qd7 21. Nd3 Ba4 22.
Rc1 Bxc2 23. Rxc2 Qa4 24. Ree2 Qa3 25. Nf2 Nxf2 26. Qxf2 Bc5 27. g3 g6 28. Kg2
Rc7 29. h4 Rfc8 30. h5 Bxd4 31. cxd4 Rxc2 32. Rxc2 Rxc2 33. Qxc2 Kg7 34. hxg6
hxg6 35. Qd2 Qa4 36. Kf2 Qb5 37. g4 a4 38. f5 a3 39. f6+ Kh7 40. g5 Qb2 41. Ke2
Kg8 42. Kd3 Qb5+ 43. Ke3 Qb2 44. Ke2 Kf8 45. Kd3 Qb5+ 46. Ke3 Qb2 47. Kd3 Qb5+
48. Ke3 {Game drawn by mutual agreement} 1/2-1/2

[Event "Team 45 45 League T49"]
[Site "Internet Chess Club"]
[Date "2011.07.09"]
[Round "9"]
[White "CKNIGHT3"]
[Black "BrianWood"]
[Result "0-1"]
[WhiteElo "1568"]
[BlackElo "1587"]
[Opening "King's Indian: Sämisch, orthodox, 7.d5 c6"]
[ECO "E88"]
[Time "20:00:19"]
[TimeControl "2700+45"]

1. d4 Nf6 2. c4 g6 3. Nc3 Bg7 4. e4 d6 5. f3 O-O 6. Be3 e5 7. d5 c6 8. Qd2 b5 9.
cxb5 cxb5 10. Bxb5 a6 11. Bd3 Nbd7 12. O-O-O Qc7 13. g4 Nc5 14. Bc2 Rb8 15. h4
Bd7 16. h5 Qb7 17. b3 Rfc8 18. Nge2 a5 19. hxg6 fxg6 20. Bh6 a4 21. Bxg7 axb3
22. Bb1 b2+ 23. Kc2 Ba4+ 24. Nxa4 Ncxe4+ 25. Nac3 Nxd2 26. Bxf6 Nxb1 27. Rxb1
Qxd5 28. Rhf1 e4 29. Rbd1 b1=Q+ 30. Rxb1 Qd3+ 31. Kc1 Rxb1# {White checkmated}
0-1

[Event "Team 45 45 League T49"]
[Site "Internet Chess Club"]
[Date "2011.07.10"]
[Round "9"]
[White "PANAMA-REY"]
[Black "SirIvanhoe"]
[Result "1/2-1/2"]
[WhiteElo "1451"]
[BlackElo "1501"]
[Opening "Caro-Kann defense"]
[ECO "B10"]
[Time "14:23:49"]
[TimeControl "2700+45"]

1. e4 c6 2. Nf3 d5 3. exd5 cxd5 4. d4 Bg4 5. Bb5+ Nc6 6. Qd3 Bxf3 7. Qxf3 e6 8.
Be3 Nf6 9. Nc3 Bd6 10. Rd1 O-O 11. O-O Qc7 12. h3 a6 13. Bd3 Nb4 14. Bg5 Nxd3
15. Bxf6 Nxf2 16. Rxf2 gxf6 17. Qxf6 Qe7 18. Qf3 f5 19. Re1 Qf7 20. Ne2 Rae8
{Game drawn by mutual agreement} 1/2-1/2

[Event "Team 45 45 League T49"]
[Site "Internet Chess Club"]
[Date "2011.07.12"]
[Round "9"]
[White "kidviper"]
[Black "ryan2chess"]
[Result "0-1"]
[WhiteElo "1930"]
[BlackElo "1892"]
[Opening "Benoni defense, Hromodka system"]
[ECO "A56"]
[Time "18:21:43"]
[TimeControl "2700+45"]

1. d4 Nf6 2. c4 c5 3. d5 d6 4. Nc3 g6 5. Nf3 Bg7 6. g3 O-O 7. Bg2 Na6 8. O-O Nc7
9. Re1 Bd7 10. Qd3 a6 11. a4 b5 12. axb5 axb5 13. Rxa8 Qxa8 14. b3 bxc4 15. bxc4
Qa6 16. Bd2 Na8 17. Rb1 Nb6 18. Nb5 Rb8 19. Nc3 Rc8 20. e4 Qxc4 21. Bf1 Qxd3 22.
Bxd3 Bg4 23. Ne5 Nbd7 24. Nc6 Kf8 25. Ba6 Ra8 26. Bb7 Ra3 27. Bc8 Ne8 28. Nb5
Rd3 29. Ba5 Ndf6 30. Bxg4 Nxg4 31. Bd8 Bf6 32. h3 Ne5 33. Kg2 Rd2 34. Kg1 Nd3
35. f4 Re2 36. e5 dxe5 37. fxe5 Nxe5 38. Rf1 c4 39. Ncd4 Rd2 40. d6 Nxd6 41.
Nxd6 Rxd4 42. Nb7 Rd7 43. Rb1 c3 44. Ba5 c2 45. Rc1 Rd1+ 46. Kf2 Rxc1 47. Bd2
Rd1 48. Bh6+ Bg7 49. Bf4 c1=Q 50. Bxc1 Rxc1 51. Na5 Rc2+ 52. Ke3 Nc4+ 53. Nxc4
Rxc4 54. g4 Bh6+ 55. g5 Bxg5+ 56. Kf3 Rf4+ 57. Kg3 e5 58. h4 Bxh4+ 59. Kh3 e4
60. Kg2 e3 61. Kh3 e2 62. Kh2 e1=Q 63. Kg2 Qg3+ 64. Kh1 Rf1# {White checkmated}
0-1

[Event "Team 45 45 League T49"]
[Site "Internet Chess Club"]
[Date "2011.07.11"]
[Round "9"]
[White "Nikhil03"]
[Black "Achelous"]
[Result "1-0"]
[WhiteElo "1726"]
[BlackElo "1632"]
[Opening "Sicilian: closed"]
[ECO "B23"]
[Time "19:00:12"]
[TimeControl "2700+45"]

1. e4 c5 2. Nc3 a6 3. a4 Nc6 4. f4 e6 5. Bc4 Nge7 6. d3 Nb4 7. Bd2 d5 8. Bb3 g6
9. Nf3 Qb6 10. exd5 Nexd5 11. Nxd5 exd5 12. Bxb4 Qxb4+ 13. Qd2 Qb6 14. Bxd5 Qxb2
15. Qe2+ Be7 16. O-O Qf6 17. Rae1 Ra7 18. Ng5 h6 19. Nxf7 Rh7 20. Ne5 a5 21. Be4
Rg7 22. Bxg6+ Kf8 23. f5 b6 24. Nc6 Qxc6 25. f6 Rxg6 26. fxe7+ Kg7 27. e8=Q Bd7
{Black resigns} 1-0

[Event "Team 45 45 League T49"]
[Site "Internet Chess Club"]
[Date "2011.07.07"]
[Round "9"]
[White "anna"]
[Black "kingsrook"]
[Result "1-0"]
[WhiteElo "1515"]
[BlackElo "1326"]
[Opening "Caro-Kann: exchange variation"]
[ECO "B13"]
[Time "15:00:08"]
[TimeControl "2700+45"]

1. e4 c6 2. d4 d5 3. exd5 cxd5 4. Nf3 Nf6 5. Bf4 e6 6. Bd3 Bd6 7. Bg3 O-O 8. O-O
Bxg3 9. fxg3 b6 10. Nbd2 Bb7 11. Ng5 Ne4 12. Ngxe4 dxe4 13. Nxe4 Qxd4+ 14. Nf2
Qd5 15. Be4 Qxd1 16. Raxd1 Bxe4 17. Nxe4 Na6 18. a3 Nc5 19. Nxc5 bxc5 20. Rd2
Rfd8 21. Rfd1 Rxd2 22. Rxd2 Kf8 23. Kf2 Ke7 24. Kf3 Rd8 25. Rxd8 Kxd8 26. Ke4
Kd7 27. c4 Kd6 28. g4 g5 29. b4 f6 30. b5 Kc7 31. Kd3 Kd6 32. Ke4 Kc7 33. g3 Kd6
34. a4 Kc7 35. a5 Kb7 36. a6+ Kc7 37. h4 h6 38. Kd3 Kd6 39. Ke4 Kc7 40. h5 Kb6
41. Kd3 Ka5 42. Kc3 Kb6 43. Kb3 Ka5 44. Kc3 Kb6 45. Kd3 Ka5 46. Ke4 Kb6 47. Kd3
Ka5 48. Kc3 Kb6 49. Kb3 Ka5 50. Ka3 Kb6 51. Ka4 Kc7 52. Kb3 Kb6 53. Kc3 Ka5 54.
Kd3 Kb6 55. Ke4 Kc7 56. Ke3 Kb6 57. Kf3 Kc7 58. Ke3 Kb6 59. Ke4 Ka5 60. Ke3 Kb6
61. Ke4 Ka5 62. Kf3 Kb6 63. Ke4 Ka5 64. Ke3 Kb6 65. Kd2 Ka5 66. Kc3 Kb6 67. Kb3
Ka5 68. Ka3 Kb6 69. Ka4 Kc7 70. Ka5 Kb8 71. b6 axb6+ 72. Kxb6 e5 73. Kxc5 e4 74.
Kd4 Ka7 75. Kxe4 Kxa6 76. Kd5 Kb6 77. c5+ Kc7 78. Ke6 Kc6 79. Kxf6 Kxc5 80. Kg6
Kd5 81. Kxh6 Ke5 82. Kxg5 Ke6 83. h6 Kf7 84. Kh5 Kg8 85. g5 Kh7 86. g6+ Kh8 87.
g7+ Kh7 88. g4 Kg8 89. g5 Kf7 90. Kg4 Kg6 91. g8=Q# {Black checkmated} 1-0

[Event "Team 45 45 League T49"]
[Site "Internet Chess Club"]
[Date "2011.07.08"]
[Round "9"]
[White "BrianWood"]
[Black "joshq03"]
[Result "1-0"]
[WhiteElo "1570"]
[BlackElo "1275"]
[Opening "English: four knights, 4.e3"]
[ECO "A28"]
[Time "20:06:20"]
[TimeControl "2700+45"]

1. c4 e5 2. Nc3 Nf6 3. Nf3 Nc6 4. e3 Bc5 5. Nxe5 Nxe5 6. d4 Bxd4 7. exd4 Nc6 8.
Qe2+ Qe7 9. Qxe7+ Nxe7 10. Bg5 d6 11. Bxf6 gxf6 12. O-O-O Bf5 13. Bd3 Bxd3 14.
Rxd3 O-O-O 15. Re1 Rhe8 16. Rh3 Nf5 17. Rxe8 Rxe8 18. Rxh7 Nxd4 19. Rxf7 b6 20.
Rxf6 Re1+ 21. Kd2 Re5 22. g4 Rg5 23. f3 Rc5 24. h4 Kd7 25. h5 Ke7 26. Rf4 Ne6
27. Re4 Rg5 28. h6 Kf7 29. h7 Kg7 30. Rxe6 Kxh7 31. Re7+ Kh8 32. Rxc7 a5 33. Rc6
Rg6 34. Rxb6 Rf6 35. Ke3 Re6+ 36. Kf4 Rf6+ 37. Kg3 Rg6 38. f4 Rf6 39. g5 Rg6 40.
Kg4 Rg7 41. f5 Re7 42. g6 Rg7 43. Kg5 Kg8 44. Rb8# {Black checkmated} 1-0

[Event "Team 45 45 League T49"]
[Site "Internet Chess Club"]
[Date "2011.07.09"]
[Round "9"]
[White "wildcat2023"]
[Black "kabubi"]
[Result "1-0"]
[WhiteElo "1344"]
[BlackElo "1134"]
[Opening "Sicilian: Najdorf"]
[ECO "B90"]
[Time "09:16:32"]
[TimeControl "2700+45"]

1. e4 c5 2. Nf3 d6 3. d4 cxd4 4. Nxd4 Nf6 5. Nc3 a6 6. Bd3 e5 7. Nf3 Be7 8. Bg5
Nbd7 9. O-O O-O 10. Re1 b5 11. a3 Ne8 12. Bxe7 Qxe7 13. Nd5 Qd8 14. a4 Nb6 15.
Nxb6 Qxb6 16. axb5 Nc7 17. bxa6 Bxa6 18. Bxa6 Rxa6 19. Rxa6 Nxa6 20. h3 f5 21.
Ng5 g6 22. Qd5+ Kh8 23. Qe6 Qc7 24. Ra1 Nb4 25. Rd1 h6 26. Nf3 Qxc2 27. Qxd6 Rg8
28. Qxe5+ Kh7 29. Rd7+ {Black resigns} 1-0

[Event "Team 45 45 League T49"]
[Site "Internet Chess Club"]
[Date "2011.07.08"]
[Round "9"]
[White "tcianciola"]
[Black "iceface"]
[Result "1/2-1/2"]
[WhiteElo "1150"]
[BlackElo "1337"]
[Opening "Queen's gambit declined"]
[ECO "D30"]
[Time "10:00:03"]
[TimeControl "2700+45"]

1. d4 d5 2. c4 e6 3. Nf3 Nc6 4. Bg5 Nf6 5. Nc3 Bb4 6. a3 Bxc3+ 7. bxc3 h6 8. Bh4
b6 9. cxd5 exd5 10. c4 dxc4 11. e3 Bb7 12. Bxc4 O-O 13. O-O Na5 14. Bb5 a6 15.
Ba4 Qe7 16. Ne5 Qe6 17. Bxf6 Qxf6 18. Qg4 Rfd8 19. Bc2 c5 20. Nd7 Qd6 21. Qf5
Qg6 22. Qxg6 fxg6 23. Nxb6 Rab8 24. dxc5 Re8 25. Bxg6 Re6 26. Bd3 Rd8 27. Rfd1
Ree8 28. Rac1 Kf8 29. Bg6 Rxd1+ 30. Rxd1 Re6 31. Bf5 Rf6 32. Nd7+ Ke7 33. Nxf6
Kxf6 34. Bg4 Kg5 35. h3 h5 36. Bf3 Bc8 37. c6 Be6 38. Bd5 Bf5 39. c7 Bc8 40. Rc1
Kf6 41. e4 Ke5 42. f3 Kd6 43. Kf2 h4 44. g3 g5 45. gxh4 gxh4 46. Ke3 Kd7 47. Kf4
Nb7 48. Ke5 Nd6 49. Be6+ Ke7 50. Bxc8 Nxc8 51. Rc6 Kd7 52. Kd5 Ne7+ 53. Ke5
Nxc6+ 54. Kf4 Kxc7 55. Kg4 Ne5+ 56. Kf4 Ng6+ 57. Kg4 Ne5+ 58. Kf5 Nxf3 59. Kg4
Ne5+ 60. Kxh4 {Game drawn by mutual agreement} 1/2-1/2